 Dungeon Sprint DCSS version 0.23-a0-119-ga86c9e7 (webtiles) character file.

2212 emperorscorpion the Zephyrmancer (level 9, -3/58 HPs)
             Began as an Octopode Air Elementalist on Aug 24, 2018.
             Was a High Priest of Sif Muna.
             Slain by a hornet (5 damage)
             ... while paralysed by a hornet
             ... in the Dungeon (Sprint IX: "|||||||||||||||||||||||||||||").
             The game lasted 00:03:24 (745 turns).

emperorscorpion the Zephyrmancer (OpAE)              Turns: 745, Time: 00:03:25

Health: -3/58      AC:  1    Str:  8    XL:     9   Next: 35%
Magic:  14/24      EV:  2    Int: 23    God:    Sif Muna [*****.]
Gold:   0          SH:  0    Dex: 12    Spells: 18/30 levels left

rFire    . . .     SeeInvis .   b - +2 scimitar (flame)
rCold    . . .     Gourm    .   (no shield)
rNeg     . . .     Faith    .   (helmet restricted)
rPois    .         Spirit   .   (no amulet)
rElec    .         Reflect  .   n - +3 ring of intelligence
rCorr    .         Harm     .   o - +2 ring of evasion
MR       .....     NoTele   +   (no ring)
Stlth    +++.......             (no ring)
HPRegen  0.19/turn              (no ring)
MPRegen  0.19/turn              (no ring)
                                (no ring)
                                (no ring)

@: paralysed, slowed, divine energy
A: almost no armour, stealthy swim, amphibious, 8 rings, constrict 8, camouflage
1, gelatinous body 1
a: Stop Divine Energy, Channel Magic, Forget Spell, Renounce Religion


You were in the Dungeon.
You worshipped Sif Muna.
Sif Muna was extremely pleased with you.
You were hungry.

You visited 1 branch

Inventory:

Hand Weapons
 b - a +2 scimitar of flaming (weapon)
Magical Staves
 a - an uncursed staff of energy
Jewellery
 n - a +3 ring of intelligence (left tentacle)
 o - a +2 ring of evasion (right tentacle)
Wands
 k - a wand of iceblast (1)
Scrolls
 h - a scroll of blinking
 i - 3 scrolls of remove curse
 j - 2 scrolls of amnesia
Potions
 c - a potion of invisibility
 d - 2 potions of heal wounds
 e - a potion of haste
 f - 4 potions of magic
 g - 4 potions of curing
Comestibles
 l - a ration
 m - 8 chunks of flesh


   Skills:
 + Level 3.8 Fighting
 + Level 1.7 Long Blades
 + Level 5.8 Dodging
 - Level 2.6 Stealth
 - Level 3.6 Unarmed Combat
 * Level 11.1 Spellcasting
 + Level 3.2 Conjurations
 + Level 12.9 Air Magic
 * Level 5.8 Invocations
 - Level 4.6 Evocations


You had 18 spell levels left.
You knew the following spells:

 Your Spells              Type           Power        Failure   Level  Hunger
a - Shock                 Conj/Air       ####         1%          1    None
b - Swiftness             Chrm/Air       #####...     1%          2    None
c - Lightning Bolt        Conj/Air       #####.....   4%          5    ####...
d - Airstrike             Air            ######....   1%          4    None

Your spell library contained the following spells:

 Spells                   Type           Power        Failure   Level  Hunger
 Static Discharge         Conj/Air       #####...     1%          3    None


Dungeon Overview and Level Annotations

Branches:
Dungeon (1/1)

Altars:
Cheibriados
Dithmenos
Elyvilon
Fedhas
Gozag
Hepliaklqana
Kikubaaqudgha
Makhleb
Nemelex Xobeh
Okawaru
Qazlal
Ru
Sif Muna
Trog
Uskayaw
Vehumet
Wu Jian
Xom
Yredelemnul
Zin
The Shining One
Beogh
Jiyva
Lugonu


Innate Abilities, Weirdness & Mutations

You cannot wear most types of armour.
You are very stealthy in the water. (Stealth+)
You are amphibious.
You can wear up to eight rings at the same time.
You can use your tentacles to constrict eight enemies at once.
Your skin changes colour to match your surroundings (Stealth+).
Your rubbery body absorbs attacks. (AC +1, EV +1)


Message History

The air twists around and strikes something!
Sif Muna accepts your kill.
Reactivating autopickup.
Your Spellcasting skill increases to level 11!
Your Conjurations skill increases to level 3!
Your Invocations skill increases to level 5!
You feel a bit more experienced.
Casting: Airstrike (safe; 1% risk of failure)
Confirm with . or Enter, or press ? or * to list all spells.
Aiming: Airstrike (safe; 1% risk of failure)
Press: ? - help, Dir - move target cursor, f - hornet
Aim: a hornet The air twists around and violently strikes the hornet!
The hornet is moderately wounded.
The hornet stings you!
You suddenly lose the ability to move!
The hornet stings you!
* * * LOW HITPOINT WARNING * * *
You feel yourself slow down. The hornet stings you.
You die... ▓▓▓▓▓▓▓▓▓▓▓▓▓▓▓▓▓▓▓▓▓▓▓▓ ..).).y@.....'..[[[)...' ▓▓▓▓▓▓▓▓▓▓▓▓▓▓▓▓▓▓▓▓▓▓▓▓

You could see a hornet.

Vanquished Creatures
  2 two-headed ogres (D)
  An unseen horror (D)
  A shadow (D)
  A hungry ghost (D)
  A bullfrog (D)
  A quasit (D)
  A worker ant (D)
  2 adders (D)
  3 leopard geckos (D)
  An orc (D)
  A bat skeleton (D)
  A hobgoblin (D)
  2 jackals (D)
  A quokka (D)
  2 rats (D)
21 creatures vanquished.

Notes
Turn   | Place    | Note
-------+----------+-------------------------------------------
     0 | D        | emperorscorpion the Octopode Air Elementalist began the quest for the Orb.
     0 | D        | Reached XP level 1. HP: 11/11 MP: 3/3
     5 | D        | Reached skill level 4 in Air Magic
   337 | D        | Reached skill level 5 in Air Magic
   337 | D        | Reached XP level 2. HP: 17/17 MP: 5/5
   356 | D        | Found a roughly hewn altar of Beogh.
   356 | D        | Found a snail-covered altar of Cheibriados.
   356 | D        | Found a shadowy altar of Dithmenos.
   356 | D        | Found a white marble altar of Elyvilon.
   356 | D        | Found a blossoming altar of Fedhas.
   356 | D        | Found an opulent altar of Gozag.
   357 | D        | Found a hazy altar of Hepliaklqana.
   358 | D        | Found a viscous altar of Jiyva.
   359 | D        | Found an ancient bone altar of Kikubaaqudgha.
   360 | D        | Found a corrupted altar of Lugonu.
   361 | D        | Found a burning altar of Makhleb.
   362 | D        | Found a sparkling altar of Nemelex Xobeh.
   363 | D        | Found an iron altar of Okawaru.
   364 | D        | Found a stormy altar of Qazlal.
   365 | D        | Found a sacrificial altar of Ru.
   366 | D        | Found a deep blue altar of Sif Muna.
   367 | D        | Found a bloodstained altar of Trog.
   368 | D        | Found a hide-covered altar of Uskayaw.
   369 | D        | Found a radiant altar of Vehumet.
   370 | D        | Found an ornate altar of the Wu Jian Council.
   371 | D        | Found a shimmering altar of Xom.
   372 | D        | Found a basalt altar of Yredelemnul.
   373 | D        | Found a glowing silver altar of Zin.
   374 | D        | Became a worshipper of Sif Muna the Loreminder
   375 | D        | Found a glowing golden altar of the Shining One.
   407 | D        | Learned a level 2 spell: Swiftness
   512 | D        | Noticed a two-headed ogre
   512 | D        | Noticed a hungry ghost
   530 | D        | Killed a hungry ghost
   530 | D        | Reached * piety under Sif Muna
   530 | D        | Reached skill level 1 in Fighting
   530 | D        | Reached skill level 1 in Unarmed Combat
   530 | D        | Reached skill level 5 in Spellcasting
   530 | D        | Reached skill level 7 in Air Magic
   530 | D        | Reached XP level 3. HP: 23/23 MP: 5/10
   530 | D        | Reached XP level 4. HP: 28/28 MP: 5/11
   530 | D        | Reached XP level 5. HP: 33/33 MP: 5/13
   536 | D        | Killed a two-headed ogre
   536 | D        | Reached ** piety under Sif Muna
   536 | D        | Reached *** piety under Sif Muna
   536 | D        | Reached **** piety under Sif Muna
   536 | D        | Reached skill level 11 in Air Magic
   536 | D        | Reached XP level 6. HP: 41/41 MP: 5/18
   536 | D        | Reached XP level 7. HP: 45/45 MP: 5/19
   543 | D        | Learned a level 5 spell: Lightning Bolt
   577 | D        | Learned a level 4 spell: Airstrike
   591 | D        | Reached skill level 5 in Dodging
   697 | D        | Reached XP level 8. HP: 48/51 MP: 17/21
   735 | D        | Noticed a hornet
   735 | D        | Noticed a two-headed ogre
   735 | D        | Noticed a shadow
   737 | D        | Killed a shadow
   737 | D        | Reached ***** piety under Sif Muna
   739 | D        | Killed a two-headed ogre
   739 | D        | Identified Kiczut's Incunabulum of the Oath (Sif Muna gifted it to you in the Dungeon)
   739 | D        | Received a gift from Sif Muna
   739 | D        | Reached skill level 1 in Long Blades
   739 | D        | Reached skill level 10 in Spellcasting
   739 | D        | Reached skill level 12 in Air Magic
   739 | D        | Reached XP level 9. HP: 33/57 MP: 1/23
   743 | D        | Killed an unseen horror
   743 | D        | Reached skill level 5 in Invocations
   744 | D        | Paralysed by a hornet for 2 turns
   744 | D        | HP: 2/58 [hornet (16)]
   745 | D        | Slain by a hornet

Vault maps used:
D:        linesprint

Skill      XL: |  1  2  3  4  5  6  7  8  9 |
---------------+----------------------------+-----
Air Magic      | 5 7 11 12 | 12.9
Spellcasting   | 5 9 10 11 | 11.1
Fighting       | 1 2 3 |  3.8
Dodging        | 3 4 5 |  5.8
Unarmed Combat | 1 3 |  3.6
Evocations     | 2 4 |  4.6
Conjurations   | 2 3 |  3.2
Invocations    | 4 5 |  5.8
Long Blades    | 1 |  1.7
Stealth        | |  2.6

Action                   |  1- 3 |  4- 6 |  7- 9 || total
-------------------------+-------+-------+-------++-------
Melee: Unarmed           |    13 |       |       ||    13
       Constrict         |     5 |       |     1 ||     6
       Tentacles         |     2 |       |       ||     2
       Scimitar          |       |       |     7 ||     7
 Cast: Shock             |     4 |     2 |     7 ||    13
       Swiftness         |     1 |       |       ||     1
       Airstrike         |       |       |     3 ||     3
       Lightning Bolt    |       |       |     4 ||     4
Invok: Channel Magic     |       |       |     1 ||     1
       Divine Energy     |       |       |     1 ||     1
Evoke: Wand              |     4 |     4 |     1 ||     9
       Staff of energy   |     2 |       |       ||     2
  Use: Potion            |     2 |       |     1 ||     3
       Scroll            |     1 |       |       ||     1
Armor: Skin              |     1 |       |     3 ||     4
Dodge: Dodged            |     6 |       |     8 ||    14

Table legend:
 A = Non-vault XP
 B = Vault XP
 C = Vault XP percentage of total XP
 D = Non-vault monster count
 E = Vault monster count
 F = Vault count percentage of total count
                 A         B        C        D         E       F
            +---------+---------+-------+---------+---------+-------
      Total |       0 |    3160 | 100.0 |       0 |      21 | 100.0
            +---------+---------+-------+---------+---------+-------
          D |       0 |    3160 | 100.0 |       0 |      21 | 100.0
            +---------+---------+-------+---------+---------+-------
